[ PARTIDA AOE2 · #485958209 ]
UnrankedMongoles vs Incas
[ ANÁLISIS DE REPETICIÓN · EXTRAÍDO DE LA PARTIDA GRABADA ]
Feudal
12:50
Castillos
17:16
Imperial
—
| APM promedio | 29.1 |
| APM pico | 63 |
| eAPM promedio | 15.8 |
| Aldeanos / militares | 107 / 57 |
Foco
⚔️ 36.8% · 🌾 63.2%
Knight ×56 · Scout Cavalry ×1
Feudal
13:36
Castillos
17:06
Imperial
—
| APM promedio | 52.3 |
| APM pico | 95 |
| eAPM promedio | 25.5 |
| Aldeanos / militares | 87 / 0 |
Foco
⚔️ 48.4% · 🌾 51.6%
Unknown (2550) ×222
Feudal
12:12
Castillos
—
Imperial
—
| APM promedio | 11.1 |
| APM pico | 61 |
| eAPM promedio | 5.0 |
| Aldeanos / militares | 25 / 5 |
Foco
⚔️ 18.1% · 🌾 81.9%
Scout Cavalry ×5
Feudal
13:31
Castillos
17:15
Imperial
34:02
| APM promedio | 41.2 |
| APM pico | 67 |
| eAPM promedio | 31.1 |
| Aldeanos / militares | 220 / 66 |
Foco
⚔️ 28.1% · 🌾 71.9%
Battle Elephant ×34 · Skirmisher ×24 · Trebuchet (Packed) ×4 · Spearman ×2 · Monk ×1 · Fire Lancer ×1
Feudal
11:45
Castillos
18:49
Imperial
—
| APM promedio | 32.4 |
| APM pico | 59 |
| eAPM promedio | 10.6 |
| Aldeanos / militares | 66 / 66 |
Foco
⚔️ 39.5% · 🌾 60.5%
Cavalry Archer ×57 · Scout Cavalry ×5 · Knight ×2 · Genitour ×2
Feudal
13:00
Castillos
16:57
Imperial
36:59
| APM promedio | 37.1 |
| APM pico | 90 |
| eAPM promedio | 19.9 |
| Aldeanos / militares | 83 / 55 |
Foco
⚔️ 47.8% · 🌾 52.2%
Plumed Archer ×50 · Monk ×3 · Trebuchet (Packed) ×2
Feudal
12:34
Castillos
16:25
Imperial
—
| APM promedio | 29.1 |
| APM pico | 88 |
| eAPM promedio | 12.4 |
| Aldeanos / militares | 54 / 26 |
Foco
⚔️ 26.6% · 🌾 73.4%
Camel Archer ×25 · Militia ×1
Feudal
11:53
Castillos
26:23
Imperial
39:16
| APM promedio | 44.3 |
| APM pico | 87 |
| eAPM promedio | 25.2 |
| Aldeanos / militares | 145 / 25 |
Foco
⚔️ 19.7% · 🌾 80.3%
Serjeant ×24 · Spearman ×1
Mapa de la partida
Recursos iniciales + cada clic de construcción. Líneas = muros · curvas = relieve. ◆ oro · ⬟ piedra · ● bayas · ✦ reliquia · ◌ hueco del cierre
Tu base· Abierta — flanco sin cerrar
Base de Zni.Chaos· Abierta — hueco de 8t
Base de Leonidas· Abierta — flanco sin cerrar
Base de [CL] Solid Joso· Abierta — hueco de 10t
Base de sjhgdtbr· Abierta — hueco de 13t
Base de Obuk· Abierta — hueco de 5t
Base de [GDL] Perro del Mal· Abierta — flanco sin cerrar
Base de 0653599· Abierta — hueco de 5t
Terreno inicial suavizado · ◌ = hueco del cierre detectado · pasá el cursor para detalles
Inputs por minuto
— [SotC] Gandalf - - Zni.Chaos
Build order — [SotC] Gandalf
Primeras 150 de 284 acciones detectadas
| 0:35 | Construir | Town Center |
| 1:10 | Construir | House |
| 2:45 | Encolar | Villager (Male) |
| 2:46 | Encolar | Villager (Male) |
| 2:46 | Encolar | Villager (Male) |
| 2:46 | Encolar | Villager (Male) |
| 3:45 | Encolar | Villager (Male) |
| 4:27 | Construir | House |
| 4:33 | Encolar | Villager (Male) |
| 4:34 | Encolar | Villager (Male) |
| 4:36 | Encolar | Villager (Male) |
| 5:02 | Encolar | Villager (Male) |
| 5:02 | Encolar | Villager (Male) |
| 5:34 | Construir | House |
| 5:42 | Construir | Lumber Camp |
| 5:42 | Encolar | Villager (Male) |
| 5:51 | Encolar | Villager (Male) |
| 6:11 | Investigar | Loom |
| 6:34 | Encolar | Villager (Male) |
| 6:34 | Encolar | Villager (Male) |
| 6:44 | Construir | House |
| 6:58 | Encolar | Villager (Male) |
| 7:51 | Encolar | Villager (Male) |
| 7:55 | Construir | Mill |
| 8:26 | Encolar | Villager (Male) |
| 8:42 | Encolar | Villager (Male) |
| 9:04 | Construir | House |
| 9:08 | Encolar | Villager (Male) |
| 9:29 | Encolar | Villager (Male) |
| 9:58 | Encolar | Villager (Male) |
| 9:59 | Investigar | Feudal Age |
| 10:23 | Construir | Mining Camp |
| 11:21 | Encolar | Villager (Male) |
| 11:42 | Construir | House |
| 12:50 | Edad | Edad Feudal |
| 13:04 | Construir | Barracks |
| 13:12 | Encolar | Villager (Male) |
| 13:34 | Encolar | Villager (Male) |
| 13:52 | Construir | Stable |
| 13:55 | Encolar | Villager (Male) |
| 14:13 | Construir | Blacksmith |
| 14:33 | Construir | House |
| 14:36 | Investigar | Castle Age |
| 14:54 | Investigar | Double-Bit Axe |
| 14:56 | Encolar | Scout Cavalry |
| 16:19 | Investigar | Horse Collar |
| 16:33 | Encolar | Villager (Male) |
| 17:16 | Edad | Edad de los Castillos |
| 17:20 | Investigar | Bow Saw |
| 17:24 | Encolar | Villager (Male) |
| 17:33 | Construir | Town Center |
| 17:36 | Encolar | Villager (Male) |
| 18:09 | Construir | Town Center |
| 18:12 | Encolar | Villager (Male) |
| 18:12 | Encolar | Villager (Male) |
| 18:30 | Encolar | Knight |
| 18:30 | Encolar | Knight |
| 18:35 | Construir | Farm |
| 18:37 | Construir | Farm |
| 18:56 | Encolar | Villager (Male) |
| 18:57 | Encolar | Villager (Male) |
| 19:15 | Encolar | Villager (Male) |
| 19:15 | Encolar | Villager (Male) |
| 19:22 | Encolar | Knight |
| 19:33 | Construir | House |
| 19:33 | Construir | House |
| 19:37 | Encolar | Villager (Male) |
| 19:42 | Construir | Farm |
| 19:43 | Construir | Farm |
| 19:43 | Construir | Farm |
| 19:43 | Construir | Farm |
| 19:44 | Construir | Farm |
| 19:44 | Construir | Farm |
| 19:44 | Construir | Farm |
| 19:50 | Encolar | Villager (Male) |
| 19:53 | Construir | Farm |
| 20:06 | Encolar | Knight |
| 20:10 | Encolar | Villager (Male) |
| 20:14 | Construir | Farm |
| 20:26 | Encolar | Knight |
| 20:41 | Construir | Farm |
| 20:42 | Encolar | Villager (Male) |
| 20:42 | Encolar | Villager (Male) |
| 20:47 | Construir | House |
| 20:49 | Construir | House |
| 20:50 | Construir | House |
| 20:52 | Encolar | Villager (Male) |
| 20:57 | Encolar | Villager (Male) |
| 21:05 | Encolar | Knight |
| 21:17 | Construir | Farm |
| 21:28 | Encolar | Knight |
| 21:29 | Encolar | Villager (Male) |
| 21:38 | Construir | Farm |
| 21:51 | Investigar | Gold Mining |
| 22:00 | Encolar | Knight |
| 22:08 | Encolar | Villager (Male) |
| 22:09 | Encolar | Villager (Male) |
| 22:11 | Encolar | Villager (Male) |
| 22:13 | Construir | Farm |
| 22:14 | Construir | Farm |
| 22:16 | Construir | Farm |
| 22:18 | Construir | Farm |
| 22:25 | Encolar | Knight |
| 22:51 | Construir | Market |
| 22:53 | Investigar | Bloodlines |
| 22:59 | Encolar | Villager (Male) |
| 23:18 | Construir | Mining Camp |
| 23:19 | Investigar | Town Watch |
| 23:43 | Investigar | Scale Barding Armor |
| 23:52 | Encolar | Knight |
| 24:00 | Construir | House |
| 24:09 | Encolar | Knight |
| 24:10 | Encolar | Villager (Male) |
| 24:23 | Encolar | Knight |
| 24:29 | Encolar | Villager (Male) |
| 24:42 | Encolar | Villager (Male) |
| 24:51 | Encolar | Knight |
| 25:06 | Construir | House |
| 25:07 | Construir | House |
| 25:08 | Construir | House |
| 25:09 | Encolar | Villager (Male) |
| 25:10 | Encolar | Villager (Male) |
| 25:10 | Encolar | Villager (Male) |
| 25:15 | Construir | Farm |
| 25:18 | Encolar | Knight |
| 25:37 | Investigar | Husbandry |
| 25:42 | Encolar | Villager (Male) |
| 25:42 | Encolar | Villager (Male) |
| 25:45 | Encolar | Villager (Male) |
| 25:49 | Construir | Stable |
| 25:51 | Construir | Farm |
| 26:00 | Encolar | Knight |
| 26:01 | Encolar | Knight |
| 26:06 | Encolar | Villager (Male) |
| 26:11 | Construir | Farm |
| 26:12 | Construir | Farm |
| 26:13 | Construir | Farm |
| 26:16 | Construir | Farm |
| 26:17 | Construir | Farm |
| 26:23 | Encolar | Knight |
| 26:26 | Encolar | Knight |
| 26:37 | Construir | Farm |
| 26:40 | Construir | Farm |
| 26:40 | Encolar | Villager (Male) |
| 26:41 | Encolar | Villager (Male) |
| 26:48 | Construir | House |
| 26:50 | Encolar | Knight |
| 26:50 | Encolar | Knight |
| 26:51 | Encolar | Villager (Male) |
| 27:08 | Construir | House |
Build order — Zni.Chaos
Primeras 150 de 431 acciones detectadas
| 1:09 | Construir | Town Center |
| 3:01 | Construir | House |
| 3:05 | Encolar | Villager (Male) |
| 3:06 | Encolar | Villager (Male) |
| 3:06 | Encolar | Villager (Male) |
| 3:06 | Encolar | Villager (Male) |
| 3:07 | Encolar | Villager (Male) |
| 3:59 | Encolar | Villager (Male) |
| 4:00 | Encolar | Villager (Male) |
| 4:12 | Construir | House |
| 4:29 | Construir | House |
| 4:42 | Encolar | Villager (Male) |
| 4:42 | Encolar | Villager (Male) |
| 4:45 | Construir | House |
| 5:03 | Encolar | Villager (Male) |
| 5:17 | Construir | Settlement |
| 5:39 | Encolar | Villager (Male) |
| 5:39 | Encolar | Villager (Male) |
| 6:19 | Encolar | Villager (Male) |
| 6:19 | Encolar | Villager (Male) |
| 7:12 | Encolar | Villager (Male) |
| 7:33 | Encolar | Villager (Male) |
| 7:56 | Construir | Settlement |
| 8:01 | Construir | Settlement |
| 8:09 | Encolar | Villager (Male) |
| 8:37 | Encolar | Villager (Male) |
| 9:01 | Encolar | Villager (Male) |
| 9:05 | Encolar | Villager (Male) |
| 9:44 | Encolar | Villager (Male) |
| 9:58 | Construir | House |
| 10:12 | Construir | House |
| 10:24 | Encolar | Villager (Male) |
| 10:47 | Encolar | Villager (Male) |
| 11:16 | Construir | Settlement |
| 11:21 | Investigar | Feudal Age |
| 12:12 | Construir | Palisade Wall |
| 12:15 | Construir | Palisade Wall |
| 12:20 | Construir | Palisade Wall |
| 12:42 | Construir | Palisade Wall |
| 12:43 | Construir | Palisade Wall |
| 12:45 | Construir | Palisade Wall |
| 12:45 | Construir | Palisade Wall |
| 12:46 | Construir | Palisade Wall |
| 12:46 | Construir | Palisade Wall |
| 12:47 | Construir | Palisade Wall |
| 13:17 | Encolar | Villager (Male) |
| 13:24 | Construir | Palisade Wall |
| 13:26 | Construir | Palisade Wall |
| 13:27 | Construir | Palisade Wall |
| 13:36 | Edad | Edad Feudal |
| 13:37 | Construir | Market |
| 13:39 | Construir | Blacksmith |
| 13:56 | Investigar | Double-Bit Axe |
| 14:00 | Encolar | Villager (Male) |
| 14:08 | Construir | Palisade Wall |
| 14:10 | Construir | Palisade Wall |
| 14:20 | Investigar | Castle Age |
| 14:28 | Construir | Palisade Wall |
| 14:29 | Construir | Palisade Wall |
| 15:08 | Construir | Barracks |
| 15:55 | Investigar | Tech 1402 |
| 15:57 | Encolar | Villager (Male) |
| 16:02 | Investigar | Gold Mining |
| 16:30 | Construir | Palisade Wall |
| 16:31 | Construir | Palisade Wall |
| 16:43 | Encolar | Unit 2550 |
| 16:44 | Encolar | Unit 2550 |
| 16:44 | Encolar | Unit 2550 |
| 16:49 | Encolar | Villager (Male) |
| 17:02 | Investigar | Loom |
| 17:06 | Edad | Edad de los Castillos |
| 17:10 | Construir | Town Center |
| 17:20 | Investigar | Squires |
| 17:27 | Encolar | Unit 2550 |
| 17:28 | Investigar | Tech 1351 |
| 17:34 | Encolar | Villager (Male) |
| 17:54 | Encolar | Unit 2550 |
| 17:58 | Investigar | Loom |
| 18:00 | Encolar | Villager (Male) |
| 18:23 | Encolar | Villager (Male) |
| 18:23 | Encolar | Villager (Male) |
| 18:30 | Encolar | Unit 2550 |
| 18:50 | Investigar | Horse Collar |
| 19:16 | Encolar | Unit 2550 |
| 19:34 | Encolar | Unit 2550 |
| 19:37 | Encolar | Villager (Male) |
| 19:39 | Encolar | Villager (Male) |
| 19:40 | Encolar | Unit 2550 |
| 19:46 | Encolar | Villager (Male) |
| 19:51 | Construir | Siege Workshop |
| 19:57 | Encolar | Unit 2550 |
| 20:06 | Investigar | Squires |
| 20:09 | Encolar | Villager (Male) |
| 20:10 | Construir | Barracks |
| 20:13 | Construir | Farm |
| 20:14 | Construir | Farm |
| 20:16 | Encolar | Unit 2550 |
| 20:20 | Investigar | Scale Mail Armor |
| 20:22 | Encolar | Unit 2550 |
| 20:31 | Encolar | Villager (Male) |
| 20:32 | Encolar | Villager (Male) |
| 20:34 | Construir | Farm |
| 20:35 | Construir | Farm |
| 20:36 | Construir | Farm |
| 20:40 | Encolar | Unit 2550 |
| 20:56 | Encolar | Unit 2550 |
| 21:03 | Encolar | Unit 2550 |
| 21:06 | Construir | Farm |
| 21:07 | Construir | Farm |
| 21:12 | Encolar | Unit 2550 |
| 21:26 | Encolar | Unit 2550 |
| 21:40 | Construir | Farm |
| 21:42 | Construir | Farm |
| 22:01 | Encolar | Unit 2550 |
| 22:04 | Construir | Farm |
| 22:06 | Construir | Farm |
| 22:08 | Encolar | Unit 2550 |
| 22:12 | Construir | Farm |
| 22:15 | Construir | Farm |
| 22:25 | Encolar | Villager (Male) |
| 22:28 | Construir | House |
| 22:28 | Construir | House |
| 22:30 | Construir | House |
| 22:41 | Encolar | Villager (Male) |
| 22:43 | Encolar | Unit 2550 |
| 22:52 | Construir | House |
| 22:58 | Encolar | Unit 2550 |
| 23:14 | Encolar | Unit 2550 |
| 23:23 | Encolar | Villager (Male) |
| 23:27 | Construir | Town Center |
| 23:30 | Encolar | Unit 2550 |
| 23:33 | Encolar | Villager (Male) |
| 23:37 | Construir | Farm |
| 23:39 | Construir | Farm |
| 23:40 | Encolar | Unit 2550 |
| 23:47 | Encolar | Unit 2550 |
| 24:03 | Encolar | Unit 2550 |
| 24:03 | Encolar | Villager (Male) |
| 24:05 | Construir | House |
| 24:15 | Encolar | Unit 2550 |
| 24:28 | Encolar | Unit 2550 |
| 24:29 | Encolar | Villager (Male) |
| 24:33 | Construir | Barracks |
| 24:39 | Encolar | Villager (Male) |
| 24:41 | Encolar | Villager (Male) |
| 25:01 | Encolar | Villager (Male) |
| 25:05 | Construir | Farm |
| 25:17 | Encolar | Unit 2550 |
| 25:18 | Encolar | Villager (Male) |
| 25:23 | Construir | Farm |
Build order — Leonidas
58 acciones detectadas en el replay
| 0:12 | Construir | Town Center |
| 2:35 | Construir | House |
| 2:38 | Encolar | Villager (Male) |
| 2:38 | Encolar | Villager (Male) |
| 2:38 | Encolar | Villager (Male) |
| 2:39 | Encolar | Villager (Male) |
| 2:54 | Construir | House |
| 3:49 | Encolar | Villager (Male) |
| 4:25 | Encolar | Villager (Male) |
| 4:31 | Construir | Lumber Camp |
| 5:27 | Encolar | Villager (Male) |
| 5:27 | Encolar | Villager (Male) |
| 5:28 | Encolar | Villager (Male) |
| 6:00 | Encolar | Villager (Male) |
| 6:59 | Encolar | Villager (Male) |
| 7:18 | Encolar | Villager (Male) |
| 7:20 | Encolar | Villager (Male) |
| 7:21 | Encolar | Villager (Male) |
| 7:22 | Encolar | Villager (Male) |
| 7:27 | Construir | House |
| 7:59 | Encolar | Villager (Male) |
| 8:26 | Construir | Mill |
| 8:28 | Encolar | Villager (Male) |
| 8:44 | Investigar | Loom |
| 8:54 | Encolar | Villager (Male) |
| 9:20 | Investigar | Feudal Age |
| 9:56 | Construir | Barracks |
| 9:59 | Construir | House |
| 10:58 | Construir | House |
| 12:12 | Edad | Edad Feudal |
| 12:15 | Construir | Stable |
| 12:18 | Investigar | Double-Bit Axe |
| 12:20 | Encolar | Villager (Male) |
| 12:23 | Investigar | Horse Collar |
| 12:38 | Encolar | Villager (Male) |
| 12:53 | Encolar | Villager (Male) |
| 12:59 | Encolar | Scout Cavalry |
| 12:59 | Encolar | Scout Cavalry |
| 13:02 | Construir | House |
| 13:19 | Construir | Blacksmith |
| 13:21 | Encolar | Villager (Male) |
| 13:44 | Encolar | Scout Cavalry |
| 13:59 | Investigar | Forging |
| 14:03 | Encolar | Scout Cavalry |
| 14:30 | Encolar | Scout Cavalry |
| 14:34 | Encolar | Villager (Male) |
| 14:39 | Construir | Mining Camp |
| 14:59 | Construir | Farm |
| 14:59 | Construir | Farm |
| 14:59 | Construir | Farm |
| 14:59 | Construir | Farm |
| 15:00 | Construir | Farm |
| 15:07 | Construir | Watch Tower |
| 15:29 | Encolar | Villager (Male) |
| 15:51 | Construir | Watch Tower |
| 16:19 | Encolar | Villager (Male) |
| 16:24 | Construir | Farm |
| 16:47 | Construir | House |
Build order — [CL] Solid Joso
Primeras 150 de 537 acciones detectadas
| 0:08 | Construir | Town Center |
| 2:35 | Encolar | Villager (Male) |
| 2:36 | Encolar | Villager (Male) |
| 2:36 | Encolar | Villager (Male) |
| 2:36 | Encolar | Villager (Male) |
| 2:38 | Construir | House |
| 3:45 | Encolar | Villager (Male) |
| 3:45 | Encolar | Villager (Male) |
| 4:07 | Construir | House |
| 4:14 | Encolar | Villager (Male) |
| 4:14 | Encolar | Villager (Male) |
| 4:22 | Construir | House |
| 4:34 | Construir | House |
| 4:46 | Encolar | Villager (Male) |
| 4:50 | Construir | Lumber Camp |
| 5:08 | Construir | House |
| 5:26 | Encolar | Villager (Male) |
| 5:26 | Encolar | Villager (Male) |
| 5:46 | Encolar | Villager (Male) |
| 5:47 | Encolar | Villager (Male) |
| 6:00 | Construir | House |
| 6:11 | Encolar | Villager (Male) |
| 6:12 | Encolar | Villager (Male) |
| 6:12 | Encolar | Villager (Male) |
| 6:12 | Encolar | Villager (Male) |
| 6:15 | Construir | House |
| 7:07 | Encolar | Villager (Male) |
| 7:07 | Encolar | Villager (Male) |
| 7:07 | Encolar | Villager (Male) |
| 7:10 | Investigar | Loom |
| 7:13 | Construir | House |
| 7:48 | Encolar | Villager (Male) |
| 7:48 | Encolar | Villager (Male) |
| 8:13 | Construir | House |
| 8:28 | Construir | House |
| 8:34 | Construir | House |
| 8:37 | Construir | House |
| 8:47 | Encolar | Villager (Male) |
| 8:52 | Construir | House |
| 8:56 | Construir | House |
| 8:57 | Encolar | Villager (Male) |
| 9:38 | Construir | Mill |
| 9:39 | Encolar | Villager (Male) |
| 9:52 | Encolar | Villager (Male) |
| 9:58 | Investigar | Loom |
| 10:12 | Encolar | Villager (Male) |
| 10:14 | Encolar | Villager (Male) |
| 10:14 | Investigar | Loom |
| 10:28 | Construir | Mining Camp |
| 10:31 | Investigar | Feudal Age |
| 11:00 | Encolar | Villager (Male) |
| 13:31 | Edad | Edad Feudal |
| 13:33 | Construir | Market |
| 13:37 | Construir | Market |
| 13:40 | Investigar | Wheelbarrow |
| 13:55 | Construir | Blacksmith |
| 13:58 | Construir | Blacksmith |
| 14:32 | Construir | House |
| 14:35 | Investigar | Castle Age |
| 14:36 | Investigar | Castle Age |
| 14:43 | Construir | Palisade Gate |
| 14:44 | Construir | Palisade Wall |
| 14:45 | Construir | Palisade Wall |
| 14:47 | Construir | Palisade Wall |
| 15:00 | Encolar | Villager (Male) |
| 15:13 | Construir | Palisade Gate |
| 15:15 | Construir | House |
| 15:29 | Construir | Barracks |
| 16:14 | Encolar | Villager (Male) |
| 16:23 | Encolar | Spearman |
| 16:24 | Encolar | Spearman |
| 16:31 | Construir | Palisade Wall |
| 16:32 | Construir | Palisade Wall |
| 16:47 | Investigar | Gold Mining |
| 16:50 | Investigar | Double-Bit Axe |
| 17:04 | Construir | House |
| 17:13 | Construir | Gate |
| 17:15 | Edad | Edad de los Castillos |
| 17:15 | Construir | House |
| 17:29 | Encolar | Villager (Male) |
| 17:38 | Encolar | Fire Lancer |
| 18:06 | Encolar | Villager (Male) |
| 18:26 | Construir | Town Center |
| 18:38 | Encolar | Villager (Male) |
| 18:40 | Construir | Farm |
| 18:41 | Construir | Farm |
| 18:41 | Construir | Farm |
| 18:41 | Construir | Farm |
| 18:41 | Construir | Farm |
| 18:42 | Construir | Farm |
| 18:42 | Construir | Farm |
| 18:42 | Construir | Farm |
| 18:53 | Encolar | Villager (Male) |
| 19:46 | Encolar | Villager (Male) |
| 19:49 | Construir | Farm |
| 19:50 | Construir | Farm |
| 19:50 | Construir | Farm |
| 19:50 | Construir | Farm |
| 19:50 | Construir | Farm |
| 20:07 | Encolar | Villager (Male) |
| 20:08 | Encolar | Villager (Male) |
| 20:08 | Encolar | Villager (Male) |
| 20:14 | Construir | Farm |
| 20:15 | Construir | Farm |
| 20:15 | Construir | Farm |
| 20:15 | Construir | Farm |
| 20:15 | Construir | Farm |
| 20:38 | Encolar | Villager (Male) |
| 20:38 | Encolar | Villager (Male) |
| 20:38 | Encolar | Villager (Male) |
| 20:46 | Encolar | Villager (Male) |
| 20:46 | Encolar | Villager (Male) |
| 20:46 | Encolar | Villager (Male) |
| 21:10 | Encolar | Villager (Male) |
| 21:10 | Encolar | Villager (Male) |
| 21:10 | Encolar | Villager (Male) |
| 21:10 | Encolar | Villager (Male) |
| 21:15 | Encolar | Villager (Male) |
| 21:16 | Encolar | Villager (Male) |
| 21:25 | Investigar | Horse Collar |
| 21:25 | Investigar | Horse Collar |
| 21:29 | Encolar | Villager (Male) |
| 21:29 | Encolar | Villager (Male) |
| 21:29 | Encolar | Villager (Male) |
| 21:36 | Construir | Town Center |
| 21:51 | Encolar | Villager (Male) |
| 21:51 | Encolar | Villager (Male) |
| 21:52 | Encolar | Villager (Male) |
| 21:54 | Encolar | Villager (Male) |
| 21:55 | Encolar | Villager (Male) |
| 21:58 | Construir | Farm |
| 21:59 | Construir | Farm |
| 21:59 | Construir | Farm |
| 21:59 | Construir | Farm |
| 21:59 | Construir | Farm |
| 21:59 | Construir | Farm |
| 22:00 | Construir | Farm |
| 22:00 | Construir | Farm |
| 22:00 | Construir | Farm |
| 22:00 | Construir | Farm |
| 22:01 | Construir | Farm |
| 22:01 | Construir | Farm |
| 22:24 | Encolar | Villager (Male) |
| 22:24 | Encolar | Villager (Male) |
| 22:24 | Encolar | Villager (Male) |
| 22:26 | Encolar | Villager (Male) |
| 22:29 | Construir | Farm |
| 22:33 | Encolar | Villager (Male) |
| 22:33 | Encolar | Villager (Male) |
| 22:38 | Investigar | Heavy Plow |
Build order — sjhgdtbr
142 acciones detectadas en el replay
| 0:13 | Construir | Town Center |
| 2:26 | Encolar | Villager (Male) |
| 2:26 | Encolar | Villager (Male) |
| 2:26 | Encolar | Villager (Male) |
| 2:57 | Encolar | Villager (Male) |
| 2:57 | Encolar | Villager (Male) |
| 2:57 | Encolar | Villager (Male) |
| 2:57 | Encolar | Villager (Male) |
| 2:57 | Encolar | Villager (Male) |
| 3:33 | Investigar | Loom |
| 3:35 | Encolar | Villager (Male) |
| 3:35 | Encolar | Villager (Male) |
| 3:35 | Encolar | Villager (Male) |
| 3:35 | Encolar | Villager (Male) |
| 3:35 | Encolar | Villager (Male) |
| 4:04 | Encolar | Villager (Male) |
| 4:05 | Encolar | Villager (Male) |
| 4:05 | Encolar | Villager (Male) |
| 4:05 | Encolar | Villager (Male) |
| 4:05 | Encolar | Villager (Male) |
| 4:39 | Encolar | Villager (Male) |
| 4:58 | Encolar | Villager (Male) |
| 4:58 | Encolar | Villager (Male) |
| 4:58 | Encolar | Villager (Male) |
| 4:58 | Encolar | Villager (Male) |
| 4:58 | Encolar | Villager (Male) |
| 6:13 | Encolar | Villager (Male) |
| 6:13 | Encolar | Villager (Male) |
| 6:13 | Encolar | Villager (Male) |
| 6:13 | Encolar | Villager (Male) |
| 6:13 | Encolar | Villager (Male) |
| 6:22 | Construir | Mill |
| 7:53 | Encolar | Villager (Male) |
| 7:54 | Encolar | Villager (Male) |
| 8:05 | Encolar | Villager (Male) |
| 8:17 | Construir | Lumber Camp |
| 8:20 | Encolar | Villager (Male) |
| 9:35 | Investigar | Feudal Age |
| 10:52 | Construir | Barracks |
| 11:45 | Edad | Edad Feudal |
| 11:48 | Encolar | Villager (Male) |
| 11:50 | Encolar | Villager (Male) |
| 11:57 | Construir | Stable |
| 12:15 | Encolar | Villager (Male) |
| 12:39 | Encolar | Villager (Male) |
| 12:44 | Construir | Mining Camp |
| 12:54 | Encolar | Scout Cavalry ×5 |
| 13:16 | Investigar | Double-Bit Axe |
| 13:17 | Investigar | Double-Bit Axe |
| 13:18 | Encolar | Villager (Male) |
| 14:04 | Encolar | Villager (Male) |
| 14:06 | Investigar | Town Watch |
| 14:31 | Encolar | Villager (Male) |
| 14:56 | Encolar | Villager (Male) |
| 15:03 | Construir | Blacksmith |
| 15:31 | Encolar | Villager (Male) |
| 16:06 | Investigar | Castle Age |
| 16:06 | Investigar | Castle Age |
| 16:19 | Construir | Archery Range |
| 16:21 | Encolar | Villager (Male) |
| 16:28 | Construir | Lumber Camp |
| 17:26 | Encolar | Villager (Male) |
| 17:33 | Construir | Archery Range |
| 17:35 | Investigar | Fletching |
| 17:35 | Investigar | Fletching |
| 17:36 | Encolar | Villager (Male) |
| 18:01 | Investigar | Padded Archer Armor |
| 18:20 | Construir | Mill |
| 18:49 | Edad | Edad de los Castillos |
| 18:54 | Encolar | Cavalry Archer ×2 |
| 19:40 | Encolar | Cavalry Archer ×2 |
| 20:06 | Encolar | Villager (Male) |
| 20:12 | Construir | Lumber Camp |
| 20:19 | Encolar | Knight |
| 20:26 | Encolar | Villager (Male) |
| 20:29 | Construir | Farm |
| 20:32 | Construir | Farm |
| 20:33 | Construir | Farm |
| 20:35 | Construir | Farm |
| 20:36 | Construir | Farm |
| 21:15 | Encolar | Cavalry Archer ×4 |
| 21:47 | Construir | Farm |
| 21:51 | Construir | Farm |
| 21:52 | Encolar | Villager (Male) |
| 21:57 | Construir | Farm |
| 22:14 | Construir | Farm |
| 22:14 | Construir | Farm |
| 22:19 | Encolar | Knight |
| 22:20 | Encolar | Cavalry Archer ×2 |
| 22:42 | Encolar | Cavalry Archer ×2 |
| 22:51 | Investigar | Gold Mining |
| 22:55 | Construir | Farm |
| 23:00 | Encolar | Villager (Male) |
| 23:23 | Construir | Palisade Wall |
| 23:24 | Construir | Palisade Wall |
| 23:26 | Construir | Palisade Wall |
| 23:36 | Encolar | Villager (Male) |
| 23:36 | Encolar | Villager (Male) |
| 23:58 | Encolar | Villager (Male) |
| 24:18 | Construir | Palisade Wall |
| 24:19 | Construir | Palisade Wall |
| 24:30 | Encolar | Cavalry Archer ×4 |
| 24:34 | Encolar | Genitour |
| 24:38 | Encolar | Villager (Male) |
| 24:55 | Investigar | Bodkin Arrow |
| 24:58 | Encolar | Genitour |
| 25:14 | Encolar | Cavalry Archer ×2 |
| 25:16 | Encolar | Villager (Male) |
| 25:35 | Encolar | Cavalry Archer |
| 25:37 | Encolar | Villager (Male) |
| 25:43 | Encolar | Villager (Male) |
| 26:01 | Encolar | Cavalry Archer |
| 26:40 | Construir | Lumber Camp |
| 26:49 | Construir | University |
| 27:02 | Encolar | Villager (Male) |
| 27:04 | Encolar | Villager (Male) |
| 27:08 | Encolar | Cavalry Archer ×4 |
| 27:24 | Construir | Mining Camp |
| 27:32 | Encolar | Villager (Male) |
| 27:57 | Investigar | Ballistics |
| 27:59 | Encolar | Cavalry Archer |
| 28:44 | Encolar | Cavalry Archer ×4 |
| 28:47 | Encolar | Villager (Male) |
| 29:00 | Investigar | Leather Archer Armor |
| 29:10 | Encolar | Villager (Male) |
| 29:18 | Construir | Archery Range |
| 29:41 | Encolar | Cavalry Archer ×4 |
| 29:42 | Encolar | Villager (Male) |
| 29:43 | Encolar | Villager (Male) |
| 29:44 | Investigar | Wheelbarrow |
| 29:46 | Encolar | Villager (Male) |
| 30:08 | Encolar | Cavalry Archer ×3 |
| 30:13 | Encolar | Villager (Male) |
| 30:17 | Encolar | Cavalry Archer |
| 30:30 | Encolar | Villager (Male) |
| 30:35 | Encolar | Cavalry Archer |
| 31:34 | Encolar | Cavalry Archer ×5 |
| 31:55 | Construir | Lumber Camp |
| 32:23 | Encolar | Cavalry Archer ×4 |
| 33:40 | Construir | Mining Camp |
| 34:01 | Encolar | Cavalry Archer ×5 |
| 34:02 | Encolar | Cavalry Archer ×5 |
Build order — Obuk
Primeras 150 de 233 acciones detectadas
| 0:08 | Construir | Town Center |
| 0:31 | Construir | Mill |
| 2:25 | Construir | House |
| 2:30 | Encolar | Villager (Male) |
| 2:30 | Encolar | Villager (Male) |
| 2:31 | Encolar | Villager (Male) |
| 3:00 | Encolar | Villager (Male) |
| 3:23 | Encolar | Villager (Male) |
| 3:49 | Encolar | Villager (Male) |
| 3:56 | Construir | House |
| 4:18 | Encolar | Villager (Male) |
| 4:18 | Encolar | Villager (Male) |
| 4:37 | Encolar | Villager (Male) |
| 5:19 | Construir | Mill |
| 5:21 | Encolar | Villager (Male) |
| 5:21 | Encolar | Villager (Male) |
| 5:47 | Encolar | Villager (Male) |
| 5:47 | Encolar | Villager (Male) |
| 6:01 | Construir | House |
| 6:02 | Encolar | Villager (Male) |
| 6:03 | Encolar | Villager (Male) |
| 6:21 | Encolar | Villager (Male) |
| 6:21 | Encolar | Villager (Male) |
| 6:27 | Encolar | Villager (Male) |
| 6:33 | Construir | Lumber Camp |
| 6:50 | Encolar | Villager (Male) |
| 7:06 | Encolar | Villager (Male) |
| 7:06 | Encolar | Villager (Male) |
| 7:10 | Construir | House |
| 7:32 | Encolar | Villager (Male) |
| 7:32 | Encolar | Villager (Male) |
| 7:47 | Encolar | Villager (Male) |
| 7:54 | Encolar | Villager (Male) |
| 8:37 | Construir | Mill |
| 8:40 | Encolar | Villager (Male) |
| 8:45 | Construir | Mill |
| 9:36 | Construir | Mill |
| 9:42 | Investigar | Loom |
| 9:43 | Investigar | Loom |
| 9:56 | Construir | House |
| 10:42 | Investigar | Feudal Age |
| 10:42 | Investigar | Feudal Age |
| 10:51 | Construir | Mining Camp |
| 11:41 | Construir | Mining Camp |
| 12:08 | Construir | Palisade Wall |
| 12:46 | Encolar | Villager (Male) |
| 13:00 | Edad | Edad Feudal |
| 13:02 | Encolar | Villager (Male) |
| 13:02 | Encolar | Villager (Male) |
| 13:08 | Construir | Market |
| 13:12 | Construir | Blacksmith |
| 13:17 | Construir | Palisade Wall |
| 13:21 | Investigar | Town Watch |
| 13:39 | Construir | Palisade Wall |
| 13:43 | Construir | Palisade Wall |
| 13:52 | Encolar | Villager (Male) |
| 14:07 | Investigar | Castle Age |
| 14:07 | Investigar | Castle Age |
| 14:10 | Investigar | Double-Bit Axe |
| 15:12 | Investigar | Stone Mining |
| 15:13 | Investigar | Stone Mining |
| 15:26 | Investigar | Gold Mining |
| 16:22 | Encolar | Villager (Male) |
| 16:57 | Edad | Edad de los Castillos |
| 17:07 | Construir | Castle |
| 17:16 | Investigar | Bow Saw |
| 17:17 | Investigar | Bow Saw |
| 17:18 | Encolar | Villager (Male) |
| 17:21 | Construir | Monastery |
| 17:40 | Construir | Palisade Wall |
| 17:48 | Encolar | Villager (Male) |
| 17:48 | Encolar | Villager (Male) |
| 18:07 | Encolar | Monk |
| 18:30 | Investigar | Fletching |
| 18:30 | Investigar | Fletching |
| 18:37 | Construir | Town Center |
| 18:45 | Encolar | Plumed Archer |
| 18:45 | Encolar | Plumed Archer |
| 18:46 | Encolar | Villager (Male) |
| 18:59 | Construir | Lumber Camp |
| 19:10 | Encolar | Plumed Archer |
| 19:10 | Encolar | Plumed Archer |
| 19:20 | Investigar | Bodkin Arrow |
| 19:20 | Investigar | Bodkin Arrow |
| 19:30 | Encolar | Plumed Archer |
| 19:56 | Encolar | Plumed Archer |
| 19:57 | Encolar | Plumed Archer |
| 20:04 | Investigar | Padded Archer Armor |
| 20:17 | Encolar | Plumed Archer |
| 20:17 | Encolar | Plumed Archer |
| 20:20 | Encolar | Villager (Male) |
| 20:20 | Encolar | Villager (Male) |
| 20:20 | Encolar | Villager (Male) |
| 20:36 | Encolar | Plumed Archer |
| 20:36 | Encolar | Plumed Archer |
| 21:09 | Encolar | Plumed Archer |
| 21:10 | Encolar | Plumed Archer |
| 21:25 | Encolar | Villager (Male) |
| 21:25 | Encolar | Villager (Male) |
| 21:26 | Encolar | Villager (Male) |
| 21:42 | Encolar | Plumed Archer |
| 21:42 | Encolar | Plumed Archer |
| 21:43 | Encolar | Villager (Male) |
| 21:57 | Encolar | Plumed Archer |
| 22:03 | Encolar | Monk |
| 22:06 | Encolar | Villager (Male) |
| 22:19 | Construir | University |
| 22:43 | Encolar | Plumed Archer |
| 22:48 | Encolar | Villager (Male) |
| 22:48 | Encolar | Villager (Male) |
| 22:54 | Encolar | Plumed Archer |
| 23:12 | Encolar | Plumed Archer |
| 23:15 | Encolar | Villager (Male) |
| 23:34 | Encolar | Plumed Archer |
| 23:34 | Encolar | Plumed Archer |
| 24:22 | Construir | Mining Camp |
| 24:29 | Encolar | Villager (Male) |
| 24:30 | Encolar | Villager (Male) |
| 24:37 | Investigar | Ballistics |
| 24:38 | Investigar | Ballistics |
| 24:50 | Encolar | Plumed Archer |
| 24:50 | Encolar | Plumed Archer |
| 25:04 | Encolar | Villager (Male) |
| 25:05 | Encolar | Villager (Male) |
| 25:10 | Encolar | Villager (Male) |
| 25:10 | Encolar | Villager (Male) |
| 25:41 | Encolar | Villager (Male) |
| 25:42 | Encolar | Villager (Male) |
| 26:07 | Encolar | Villager (Male) |
| 26:08 | Encolar | Villager (Male) |
| 26:14 | Construir | Palisade Wall |
| 26:48 | Construir | Palisade Gate |
| 27:05 | Construir | Mill |
| 27:10 | Construir | Town Center |
| 27:28 | Encolar | Villager (Male) |
| 27:28 | Encolar | Villager (Male) |
| 27:32 | Construir | House |
| 27:46 | Construir | House |
| 27:47 | Construir | House |
| 27:48 | Construir | House |
| 27:56 | Encolar | Villager (Male) |
| 27:57 | Encolar | Villager (Male) |
| 27:57 | Encolar | Villager (Male) |
| 28:07 | Construir | Town Center |
| 28:16 | Encolar | Plumed Archer |
| 28:16 | Encolar | Plumed Archer |
| 28:36 | Construir | House |
| 28:53 | Encolar | Villager (Male) |
| 28:54 | Encolar | Villager (Male) |
| 28:57 | Investigar | Town Patrol |
Build order — [GDL] Perro del Mal
140 acciones detectadas en el replay
| 0:05 | Construir | Town Center |
| 1:13 | Construir | House |
| 2:03 | Construir | House |
| 2:22 | Construir | House |
| 2:44 | Encolar | Villager (Male) |
| 2:45 | Encolar | Villager (Male) |
| 2:47 | Encolar | Villager (Male) |
| 2:48 | Encolar | Villager (Male) |
| 4:17 | Encolar | Villager (Male) |
| 4:17 | Encolar | Villager (Male) |
| 4:29 | Encolar | Villager (Male) |
| 4:33 | Construir | Lumber Camp |
| 4:52 | Construir | House |
| 5:17 | Encolar | Villager (Male) |
| 5:28 | Encolar | Villager (Male) |
| 6:03 | Encolar | Villager (Male) |
| 6:59 | Construir | Mill |
| 7:01 | Encolar | Villager (Male) |
| 7:02 | Encolar | Villager (Male) |
| 7:02 | Encolar | Villager (Male) |
| 7:02 | Encolar | Villager (Male) |
| 7:02 | Encolar | Villager (Male) |
| 7:10 | Construir | House |
| 7:23 | Encolar | Villager (Male) |
| 7:43 | Encolar | Villager (Male) |
| 8:12 | Encolar | Villager (Male) |
| 8:17 | Construir | Mill |
| 8:51 | Construir | House |
| 9:09 | Encolar | Villager (Male) |
| 9:26 | Investigar | Loom |
| 9:33 | Encolar | Villager (Male) |
| 9:45 | Construir | Mining Camp |
| 9:51 | Investigar | Loom |
| 10:18 | Investigar | Feudal Age |
| 10:25 | Encolar | Villager (Male) |
| 10:25 | Encolar | Villager (Male) |
| 11:15 | Encolar | Villager (Male) |
| 12:34 | Edad | Edad Feudal |
| 12:35 | Construir | Market |
| 12:37 | Construir | Blacksmith |
| 13:45 | Investigar | Castle Age |
| 13:45 | Investigar | Castle Age |
| 14:00 | Construir | Palisade Gate |
| 14:02 | Construir | Palisade Wall |
| 14:15 | Investigar | Double-Bit Axe |
| 14:15 | Investigar | Double-Bit Axe |
| 14:36 | Construir | House |
| 16:25 | Edad | Edad de los Castillos |
| 16:26 | Construir | Castle |
| 16:28 | Encolar | Villager (Male) |
| 16:28 | Encolar | Villager (Male) |
| 16:33 | Investigar | Bow Saw |
| 16:42 | Investigar | Fletching |
| 17:09 | Encolar | Villager (Male) |
| 17:16 | Construir | Mining Camp |
| 17:28 | Encolar | Camel Archer |
| 17:38 | Encolar | Villager (Male) |
| 17:54 | Investigar | Horse Collar |
| 18:04 | Encolar | Camel Archer |
| 18:31 | Encolar | Camel Archer |
| 18:32 | Encolar | Villager (Male) |
| 18:37 | Encolar | Villager (Male) |
| 19:03 | Encolar | Camel Archer |
| 19:15 | Encolar | Camel Archer |
| 19:18 | Encolar | Villager (Male) |
| 19:27 | Construir | Farm |
| 19:39 | Encolar | Villager (Male) |
| 19:46 | Construir | Farm |
| 19:52 | Encolar | Camel Archer |
| 20:02 | Construir | Farm |
| 20:03 | Encolar | Villager (Male) |
| 20:29 | Construir | Farm |
| 20:33 | Investigar | Bodkin Arrow |
| 20:41 | Encolar | Camel Archer |
| 20:42 | Encolar | Villager (Male) |
| 20:49 | Construir | Farm |
| 21:07 | Encolar | Camel Archer |
| 21:09 | Encolar | Villager (Male) |
| 21:24 | Encolar | Villager (Male) |
| 21:32 | Encolar | Camel Archer |
| 21:39 | Encolar | Villager (Male) |
| 21:56 | Encolar | Villager (Male) |
| 22:02 | Construir | University |
| 22:06 | Encolar | Camel Archer |
| 22:09 | Encolar | Villager (Male) |
| 22:14 | Encolar | Villager (Male) |
| 22:26 | Encolar | Villager (Male) |
| 22:28 | Construir | House |
| 22:51 | Encolar | Villager (Male) |
| 23:03 | Construir | House |
| 23:13 | Investigar | Ballistics |
| 23:17 | Encolar | Villager (Male) |
| 23:36 | Construir | House |
| 23:43 | Encolar | Villager (Male) |
| 23:47 | Investigar | Padded Archer Armor |
| 23:50 | Encolar | Villager (Male) |
| 23:54 | Construir | Barracks |
| 24:00 | Encolar | Villager (Male) |
| 24:38 | Encolar | Villager (Male) |
| 24:41 | Construir | Stable |
| 25:00 | Encolar | Villager (Male) |
| 25:03 | Construir | Archery Range |
| 25:05 | Encolar | Camel Archer |
| 25:05 | Encolar | Militia |
| 25:09 | Encolar | Camel Archer |
| 25:09 | Encolar | Camel Archer |
| 25:13 | Encolar | Villager (Male) |
| 25:22 | Encolar | Camel Archer |
| 25:31 | Investigar | Bloodlines |
| 25:31 | Investigar | Bloodlines |
| 25:34 | Construir | House |
| 25:39 | Encolar | Camel Archer |
| 25:51 | Encolar | Villager (Male) |
| 26:07 | Construir | Farm |
| 26:08 | Construir | Farm |
| 26:08 | Construir | Farm |
| 26:30 | Construir | House |
| 26:33 | Encolar | Camel Archer |
| 26:33 | Encolar | Camel Archer |
| 26:45 | Investigar | Husbandry |
| 26:45 | Investigar | Husbandry |
| 26:51 | Construir | Farm |
| 26:53 | Construir | Farm |
| 26:56 | Encolar | Villager (Male) |
| 27:14 | Construir | Farm |
| 27:23 | Encolar | Villager (Male) |
| 27:37 | Investigar | Leather Archer Armor |
| 27:38 | Investigar | Leather Archer Armor |
| 27:38 | Investigar | Leather Archer Armor |
| 27:56 | Encolar | Villager (Male) |
| 27:56 | Encolar | Villager (Male) |
| 27:57 | Encolar | Villager (Male) |
| 28:03 | Encolar | Camel Archer |
| 28:03 | Encolar | Camel Archer |
| 28:03 | Encolar | Camel Archer |
| 28:04 | Encolar | Camel Archer |
| 28:04 | Encolar | Camel Archer |
| 28:04 | Encolar | Camel Archer |
| 28:05 | Encolar | Camel Archer |
| 28:05 | Encolar | Camel Archer |
Build order — 0653599
Primeras 150 de 373 acciones detectadas
| 0:12 | Construir | Town Center |
| 2:25 | Encolar | Villager (Male) |
| 2:25 | Encolar | Villager (Male) |
| 2:26 | Encolar | Villager (Male) |
| 2:26 | Encolar | Villager (Male) |
| 2:26 | Encolar | Villager (Male) |
| 2:27 | Construir | House |
| 3:41 | Encolar | Villager (Male) |
| 3:41 | Encolar | Villager (Male) |
| 4:20 | Construir | House |
| 4:25 | Construir | House |
| 4:26 | Construir | House |
| 4:37 | Encolar | Villager (Male) |
| 4:37 | Encolar | Villager (Male) |
| 4:37 | Encolar | Villager (Male) |
| 4:58 | Encolar | Villager (Male) |
| 4:59 | Encolar | Villager (Male) |
| 4:59 | Encolar | Villager (Male) |
| 4:59 | Encolar | Villager (Male) |
| 5:17 | Construir | Lumber Camp |
| 5:44 | Encolar | Villager (Male) |
| 5:45 | Encolar | Villager (Male) |
| 5:45 | Encolar | Villager (Male) |
| 6:33 | Construir | House |
| 6:48 | Construir | House |
| 7:02 | Construir | House |
| 7:13 | Encolar | Villager (Male) |
| 7:13 | Encolar | Villager (Male) |
| 7:13 | Encolar | Villager (Male) |
| 7:31 | Encolar | Villager (Male) |
| 7:32 | Encolar | Villager (Male) |
| 7:42 | Construir | House |
| 8:28 | Construir | Mill |
| 8:38 | Encolar | Villager (Male) |
| 8:43 | Construir | House |
| 8:56 | Construir | House |
| 9:17 | Encolar | Villager (Male) |
| 9:23 | Investigar | Feudal Age |
| 9:23 | Investigar | Feudal Age |
| 9:58 | Construir | Donjon |
| 10:32 | Construir | Mining Camp |
| 11:02 | Construir | Mining Camp |
| 11:27 | Encolar | Villager (Male) |
| 11:31 | Encolar | Villager (Male) |
| 11:33 | Investigar | Loom |
| 11:53 | Edad | Edad Feudal |
| 11:54 | Encolar | Serjeant |
| 11:54 | Investigar | Double-Bit Axe |
| 11:56 | Encolar | Serjeant |
| 12:14 | Encolar | Villager (Male) |
| 12:14 | Encolar | Villager (Male) |
| 12:17 | Encolar | Serjeant |
| 12:30 | Construir | House |
| 12:31 | Construir | House |
| 13:00 | Encolar | Serjeant |
| 13:00 | Encolar | Serjeant |
| 13:10 | Encolar | Villager (Male) |
| 13:18 | Encolar | Villager (Male) |
| 13:32 | Construir | Donjon |
| 13:44 | Encolar | Serjeant |
| 13:44 | Encolar | Serjeant |
| 13:46 | Encolar | Villager (Male) |
| 13:47 | Encolar | Villager (Male) |
| 13:47 | Encolar | Villager (Male) |
| 14:11 | Encolar | Serjeant |
| 14:34 | Encolar | Serjeant |
| 14:34 | Encolar | Serjeant |
| 14:54 | Construir | House |
| 14:55 | Construir | House |
| 15:02 | Encolar | Spearman |
| 15:18 | Construir | Donjon |
| 15:22 | Investigar | Wheelbarrow |
| 15:23 | Investigar | Wheelbarrow |
| 15:40 | Encolar | Serjeant |
| 15:59 | Encolar | Serjeant |
| 15:59 | Encolar | Serjeant |
| 16:04 | Encolar | Serjeant |
| 17:06 | Investigar | Horse Collar |
| 17:07 | Investigar | Horse Collar |
| 17:08 | Construir | Farm |
| 17:08 | Construir | Farm |
| 17:09 | Construir | Farm |
| 17:09 | Construir | Farm |
| 17:11 | Construir | Farm |
| 17:12 | Construir | Farm |
| 17:12 | Construir | Farm |
| 17:15 | Encolar | Villager (Male) |
| 17:15 | Encolar | Villager (Male) |
| 17:15 | Encolar | Villager (Male) |
| 17:21 | Encolar | Serjeant |
| 17:27 | Encolar | Villager (Male) |
| 17:27 | Encolar | Villager (Male) |
| 17:27 | Encolar | Villager (Male) |
| 17:51 | Encolar | Serjeant |
| 17:56 | Construir | Farm |
| 17:57 | Construir | Farm |
| 18:03 | Construir | Lumber Camp |
| 18:41 | Encolar | Villager (Male) |
| 18:41 | Encolar | Villager (Male) |
| 18:50 | Encolar | Serjeant |
| 18:50 | Encolar | Serjeant |
| 18:55 | Construir | Donjon |
| 19:29 | Encolar | Villager (Male) |
| 19:29 | Encolar | Villager (Male) |
| 19:34 | Construir | Farm |
| 19:38 | Construir | Donjon |
| 19:57 | Construir | Farm |
| 19:58 | Construir | Farm |
| 20:02 | Construir | Donjon |
| 20:10 | Encolar | Villager (Male) |
| 20:10 | Encolar | Villager (Male) |
| 20:13 | Construir | Farm |
| 20:15 | Encolar | Villager (Male) |
| 21:04 | Encolar | Villager (Male) |
| 21:34 | Encolar | Villager (Male) |
| 21:50 | Encolar | Villager (Male) |
| 22:00 | Construir | Donjon |
| 22:33 | Construir | Market |
| 22:35 | Encolar | Villager (Male) |
| 22:50 | Encolar | Villager (Male) |
| 22:50 | Encolar | Villager (Male) |
| 22:54 | Construir | Blacksmith |
| 23:08 | Construir | Donjon |
| 23:40 | Construir | Mining Camp |
| 23:43 | Investigar | Castle Age |
| 23:43 | Investigar | Castle Age |
| 24:01 | Construir | House |
| 24:02 | Construir | House |
| 24:05 | Construir | Palisade Wall |
| 24:27 | Encolar | Serjeant |
| 24:27 | Encolar | Serjeant |
| 24:29 | Investigar | Scale Mail Armor |
| 24:42 | Encolar | Serjeant |
| 24:43 | Encolar | Serjeant |
| 24:48 | Investigar | Stone Mining |
| 25:37 | Construir | Donjon |
| 25:43 | Encolar | Villager (Male) |
| 25:43 | Encolar | Villager (Male) |
| 26:23 | Edad | Edad de los Castillos |
| 26:24 | Construir | Town Center |
| 26:29 | Construir | Town Center |
| 26:39 | Encolar | Villager (Male) |
| 26:48 | Investigar | Bow Saw |
| 26:50 | Investigar | Heavy Plow |
| 26:51 | Investigar | Heavy Plow |
| 27:17 | Encolar | Villager (Male) |
| 27:19 | Encolar | Villager (Male) |
| 27:28 | Encolar | Villager (Male) |
| 27:28 | Encolar | Villager (Male) |
| 27:28 | Encolar | Villager (Male) |
Cronología de la partida
| 9:56 | Leonidas · first_building Barracks |
| 9:58 | 0653599 · first_building Donjon |
| 10:52 | sjhgdtbr · first_building Barracks |
| 11:45 | sjhgdtbr · age_up feudal |
| 11:53 | 0653599 · age_up feudal |
| 11:57 | sjhgdtbr · first_building Stable |
| 12:08 | Obuk · wall_segment Palisade Wall x1 |
| 12:12 | Zni.Chaos · wall_segment Palisade Wall x1 |
| 12:12 | Leonidas · age_up feudal |
| 12:15 | Zni.Chaos · wall_segment Palisade Wall x1 |
| 12:15 | Leonidas · first_building Stable |
| 12:20 | Zni.Chaos · wall_segment Palisade Wall x1 |
| 12:34 | [GDL] Perro del Mal · age_up feudal |
| 12:42 | Zni.Chaos · wall_segment Palisade Wall x1 |
| 12:43 | Zni.Chaos · wall_segment Palisade Wall x1 |
| 12:45 | Zni.Chaos · wall_segment Palisade Wall x1 |
| 12:45 | Zni.Chaos · wall_segment Palisade Wall x1 |
| 12:46 | Zni.Chaos · wall_segment Palisade Wall x1 |
| 12:46 | Zni.Chaos · wall_segment Palisade Wall x1 |
| 12:47 | Zni.Chaos · wall_segment Palisade Wall x1 |
| 12:50 | [SotC] Gandalf · age_up feudal |
| 13:00 | Obuk · age_up feudal |
| 13:04 | [SotC] Gandalf · first_building Barracks |
| 13:17 | Obuk · wall_segment Palisade Wall x1 |
| 13:24 | Zni.Chaos · wall_segment Palisade Wall x1 |
| 13:26 | Zni.Chaos · wall_segment Palisade Wall x1 |
| 13:27 | Zni.Chaos · wall_segment Palisade Wall x1 |
| 13:31 | [CL] Solid Joso · age_up feudal |
| 13:36 | Zni.Chaos · age_up feudal |
| 13:39 | Obuk · wall_segment Palisade Wall x1 |
| 13:41 | [GDL] Perro del Mal · first_market_sell 100 wood |
| 13:43 | Obuk · wall_segment Palisade Wall x1 |
| 13:52 | [SotC] Gandalf · first_building Stable |
| 14:02 | [GDL] Perro del Mal · wall_segment Palisade Wall x1 |
| 14:08 | Zni.Chaos · wall_segment Palisade Wall x1 |
| 14:10 | Zni.Chaos · wall_segment Palisade Wall x1 |
| 14:28 | Zni.Chaos · wall_segment Palisade Wall x1 |
| 14:29 | Zni.Chaos · wall_segment Palisade Wall x1 |
| 14:44 | [CL] Solid Joso · wall_segment Palisade Wall x1 |
| 14:45 | [CL] Solid Joso · wall_segment Palisade Wall x1 |
| 14:47 | [CL] Solid Joso · wall_segment Palisade Wall x1 |
| 15:08 | Zni.Chaos · first_building Barracks |
| 15:29 | [CL] Solid Joso · first_building Barracks |
| 16:19 | sjhgdtbr · first_building Archery Range |
| 16:25 | [GDL] Perro del Mal · age_up castle |
| 16:26 | [GDL] Perro del Mal · first_building Castle |
| 16:30 | Zni.Chaos · wall_segment Palisade Wall x1 |
| 16:31 | Zni.Chaos · wall_segment Palisade Wall x1 |
| 16:31 | [CL] Solid Joso · wall_segment Palisade Wall x1 |
| 16:32 | [CL] Solid Joso · wall_segment Palisade Wall x1 |
| 16:57 | Obuk · age_up castle |
| 17:06 | Zni.Chaos · age_up castle |
| 17:07 | Obuk · first_building Castle |
| 17:15 | [CL] Solid Joso · age_up castle |
| 17:16 | [SotC] Gandalf · age_up castle |
| 17:21 | Obuk · first_building Monastery |
| 17:40 | Obuk · wall_segment Palisade Wall x1 |
| 18:49 | sjhgdtbr · age_up castle |
| 18:55 | Obuk · first_market_buy 100 wood |
| 18:55 | Leonidas · resign |
| 19:19 | Obuk · first_market_sell 100 stone |
| 19:51 | Zni.Chaos · first_building Siege Workshop |
| 20:31 | [GDL] Perro del Mal · first_market_buy 100 food |
| 23:04 | 0653599 · first_market_buy 100 stone |
| 23:23 | sjhgdtbr · wall_segment Palisade Wall x1 |
| 23:24 | sjhgdtbr · wall_segment Palisade Wall x1 |
| 23:26 | sjhgdtbr · wall_segment Palisade Wall x1 |
| 23:54 | [GDL] Perro del Mal · first_building Barracks |
| 24:05 | 0653599 · wall_segment Palisade Wall x7 |
| 24:18 | sjhgdtbr · wall_segment Palisade Wall x1 |
| 24:19 | sjhgdtbr · wall_segment Palisade Wall x1 |
| 24:41 | [GDL] Perro del Mal · first_building Stable |
| 24:49 | [CL] Solid Joso · first_market_sell 100 food |
| 25:03 | [GDL] Perro del Mal · first_building Archery Range |
| 25:06 | [CL] Solid Joso · first_market_buy 100 stone |
| 26:14 | Obuk · wall_segment Palisade Wall x1 |
| 26:23 | 0653599 · age_up castle |
| 26:49 | [SotC] Gandalf · first_market_buy 100 food |
| 27:33 | Zni.Chaos · first_market_buy 100 food |
| 28:46 | Zni.Chaos · first_market_sell 100 wood |
| 29:03 | [CL] Solid Joso · first_building Monastery |
| 29:37 | [CL] Solid Joso · first_building Castle |
| 30:03 | [CL] Solid Joso · first_building Archery Range |
| 31:06 | [CL] Solid Joso · first_building Stable |
| 32:15 | Obuk · first_building Barracks |
| 32:46 | 0653599 · first_building Castle |
| 34:02 | [CL] Solid Joso · age_up imperial |
| 34:05 | Obuk · first_building Archery Range |
| 34:45 | 0653599 · first_building Barracks |
| 36:59 | Obuk · age_up imperial |
| 39:16 | 0653599 · age_up imperial |
[ ANÁLISIS IA · 1 CRÉDITO ]
¿Qué pasó realmente en esta partida?
Wolo.gg analiza cada decisión: build order, eco, micro, errores típicos por bracket. Análisis personalizado por WhatsApp o Discord en 30 segundos.
Guía civ
Mongoles
Perfil
Jugador #3105845